Map: Zen LE

Players

Nigrnog - Winner!

  • Race: Terran Terran
  • League: Silver
  • Spawn Location: 7:00

MooEsqoo

  • Race: Zerg Zerg
  • Spawn Location: 1:00

VOD

Have the link to the VOD?

Description

Time

  • Played on: Dec. 17, 2019, 7 a.m.
  • Length: 12:30
Show
View Real Time Build Order
Export as new Build Order

Nigrnog Terran - Winner!

Build Orders: Mech 

Get SALT Encoding   

  12  0:01  SCV  
  13  0:13  SCV  
  14  0:19  Supply Depot  
  14  0:25  SCV  
  15  0:41  SCV  
  16  0:43  Barracks  
  16  0:53  SCV  
  17  1:05  SCV  
  17  1:10  Refinery  
  18  1:17  SCV  
  19  1:29  SCV  
  19  1:32  Supply Depot  
  21  1:49  Orbital Command  
  20  1:56  Supply Depot, Barracks Tech Lab  
  20  2:01  Barracks  
  20  2:03  Refinery  
  20  2:25  SCV  
  21  2:38  Command Center, SCV  
  21  2:39  Marine  
  23  2:50  SCV  
  24  2:56  Factory  
  24  3:02  SCV  
  24  3:04  Marine  
  26  3:10  Barracks Reactor  
  26  3:14  SCV  
  27  3:22  Marine  
  27  3:26  SCV  
  29  3:28  Barracks  
  29  3:38  SCV  
  29  3:39  Factory  
  29  3:40  Marauder  
  32  3:49  Marine  
  33  4:02  Marauder  
  29  4:19  Marine x2  
  29  4:23  Marauder  
  33  4:36  Starport, Factory Tech Lab, Marine x2  
  35  4:44  Marine  
  36  4:46  Barracks Reactor  
  36  4:51  SCV  
  37  4:54  Marine x2  
  39  5:02  Marine  
  39  5:03  SCV  
  39  5:05  Factory  
  41  5:12  Marine x2  
  40  5:15  SCV  
  40  5:19  Marine  
  36  5:28  Marine x2  
  34  5:30  Marine x2  
  36  5:45  Marauder, Marine  
  36  5:46  Marine  
  36  5:48  Marine x2  
  41  5:53  Siege Tank  
  41  5:56  Starport Reactor  
  43  6:03  Marine x2  
  45  6:05  Marine  
  45  6:06  Marauder, Marine  
  49  6:15  Factory Tech Lab  
  49  6:21  Marine  
  49  6:22  Reaper  
  49  6:23  Marine x2  
  53  6:27  Marine  
  54  6:48  Bunker  
  54  7:19  Bunker  
  54  7:49  Bunker  
  54  7:52  Supply Depot  
  54  8:02  Combat Shield  
  54  8:14  Marine x2, Supply Depot x2, SCV, Medivac x2  
  61  8:26  SCV  
  62  8:29  Supply Depot  
  62  8:35  Marine x2, Siege Tank  
  62  8:38  SCV  
  62  8:39  Refinery  
  68  8:42  Refinery  
  68  8:44  Medivac x2  
  68  8:46  Supply Depot  
  72  8:50  SCV  
  72  8:52  Supply Depot  
  72  8:53  Marine x2, Supply Depot  
  75  9:02  SCV  
  76  9:04  Marine x3  
  76  9:07  Siege Tank  
  76  9:09  Supply Depot  
  82  9:11  Marine x2  
  82  9:14  SCV  
  85  9:21  Stimpack  
  85  9:26  SCV  
  86  9:39  Bunker, Siege Tank  
  89  9:52  Marine x5  
  94  10:01  Medivac  
  96  10:10  Marine x5, Bunker  
  96  10:11  Siege Tank  
  96  10:14  Siege Tank  
  107  10:19  SCV  
  108  10:28  Marine x3, Medivac  
  112  10:31  SCV  
  114  10:46  Marine x2  
  116  11:18  Marine x2  
  117  11:19  Marine  
  117  11:23  Concussive Shells  
  118  11:27  Marine  
Show
View Real Time Build Order
Export as new Build Order

MooEsqoo Zerg 

Build Orders: Hatch First 

Get SALT Encoding   

  12  0:04  Drone  
  13  0:13  Overlord  
  13  0:18  Drone  
  14  0:35  Drone x2  
  16  0:53  Hatchery  
  15  0:57  Drone  
  15  0:58  Drone  
  17  1:06  Extractor  
  16  1:17  Spawning Pool  
  15  1:30  Drone x3  
  18  1:48  Overlord  
  18  1:59  Drone  
  19  2:09  Zergling x2  
  19  2:10  Zergling x2  
  21  2:19  Drone x2  
  21  2:22  Metabolic Boost  
  23  2:34  Drone x2  
  25  2:56  Hatchery  
  24  3:04  Zergling x2  
  24  3:05  Zergling x4  
  27  3:06  Zergling x6  
  30  3:19  Overlord  
  30  3:35  Roach Warren  
  30  3:39  Drone x5  
  31  4:19  Zergling x8  
  31  4:20  Zergling x2  
  31  4:21  Roach x2  
  40  4:26  Lair  
  40  4:31  Drone x3  
  43  4:40  Zergling x2  
  45  4:45  Drone  
  45  4:46  Drone x2  
  47  5:04  Roach  
  47  5:06  Overlord x3  
  45  5:43  Drone x3  
  45  5:44  Drone x6  
  54  6:13  Hydralisk Den  
  54  6:16  Extractor  
  52  6:19  Extractor  
  52  6:21  Extractor  
  51  6:27  Drone x2  
  51  6:28  Drone x6  
  51  6:29  Drone  
  56  7:02  Queen x2  
  56  7:05  Queen  
  62  7:15  Hydralisk x5  
  62  7:16  Hydralisk  
  62  7:18  Overlord x3  
  74  7:39  Drone x4  
  74  7:40  Drone  
  79  7:45  Hydralisk  
  81  8:08  Zergling x12  
  87  8:16  Extractor  
  86  8:37  Evolution Chamber  
  85  8:42  Hydralisk x6  
  85  8:45  Overlord x3  
  67  9:43  Overlord x3  
  67  9:51  Hydralisk x4  
  67  9:52  Hydralisk x2  
  79  9:59  Glial Reconstitution  
  79  10:06  Muscular Augments  
  79  10:11  Drone x3  
  79  10:12  Drone x3  
  85  10:25  Hatchery  
  84  10:51  Extractor  
  84  10:54  Extractor  
  82  11:15  Queen  
  82  11:17  Grooved Spines  
  84  11:21  Hydralisk x5  
  84  11:22  Hydralisk x4  
  94  11:41  Overlord x5  
  94  11:59  Overlord x4  
  94  12:00  Overlord  
Tags
 
Composition
Mech
League
Silver
Matchup
TvZ
Spawn Locations
Cross Positions
Add a new tag
Caveats
  • Supply blocks, unpowered buildings, or Contaminate may cause inaccurate times.
  • Supply counts are checked every 10 seconds.